 Dungeon Crawl Stone Soup version 0.21-a0-150-gc243083 (webtiles) character file.

26334 Duffy the Grappler (level 12, -6/128 HPs)
             Began as a Troll Berserker on July 30, 2017.
             Was an Elder of Trog.
             Killed from afar by a deep elf mage (31 damage)
             ... with a bolt of lightning
             ... on level 14 of the Dungeon.
             The game lasted 00:23:30 (12896 turns).

Duffy the Grappler (Troll Berserker)               Turns: 12896, Time: 00:23:31

Health: -6/128     AC: 13    Str: 32    XL:     12   Next: 97%
Magic:  0/11       EV: 10    Int:  3    God:    Trog [****..]
Gold:   462        SH:  0    Dex:  9    Spells: 11/11 levels left

rFire    . . .     SeeInvis .     - Unarmed
rCold    . . .     Gourm    +   (no shield)
rNeg     . . .     Faith    .   X - +0 acid dragon scales
rPois    +         Spirit   +   u - +2 hat
rElec    .         Reflect  .   A - +1 cloak
rCorr    +         Harm     .   (gloves unavailable)
MR       +....                  (boots unavailable)
Stlth    +.........             w - amulet of guardian spirit
HPRegen  0.71/turn              d - ring of protection from magic
MPRegen  0.12/turn              j - ring of poison resistance

@: liquid flames, glowing
A: unfitting armour, claws 3, fast metabolism 3, gourmand, regeneration 1,
shaggy fur 1, tough skin 2
a: Berserk, Trog's Hand, Brothers in Arms, Burn Spellbooks, Renounce Religion


You were on level 14 of the Dungeon.
You worshipped Trog.
Trog was greatly pleased with you.
You were completely stuffed.

You visited 2 branches of the dungeon, and saw 15 of its levels.
You also visited: Labyrinth.

You collected 911 gold pieces.
You spent 449 gold pieces at shops.

Inventory:

Hand Weapons
 t - a +1 blowgun
 L - a +3 scimitar of flaming
Missiles
 o - 4 steel tomahawks
 E - 20 large rocks (quivered)
 F - a throwing net {=f}
 N - 6 curare-tipped needles
 Q - 7 needles of paralysis
 S - 5 needles of confusion
Armour
 u - a +2 hat (worn)
 A - a +1 cloak (worn)
 X - +0 acid dragon scales (worn)
Jewellery
 d - a ring of protection from magic (left claw)
 j - a ring of poison resistance (right claw)
 w - an amulet of guardian spirit (around neck)
 O - the ring "Harum Origh" {+Blink MR- EV+1 SInv}
   (You found it in a labyrinth)

   [ring of evasion]

   It affects your evasion (+1).
   It affects your resistance to hostile enchantments.
   It lets you see invisible.
   It lets you blink.
 U - the ring "Satiptim" {*Corrode rElec rC+ AC+4}
   (You found it on level 10 of the Dungeon)

   [ring of protection]

   It affects your AC (+4).
   It protects you from cold.
   It insulates you from electricity.
   It may corrode you when you take damage.
Wands
 a - a wand of iceblast (5/15)
 i - a wand of disintegration (6/24)
 n - a wand of random effects (21/48)
 r - a wand of digging (17/24)
 s - a wand of iceblast (7/15)
 G - a wand of flame (14/48)
 K - a wand of polymorph (6/24)
 M - a wand of polymorph (11/24)
 R - a wand of flame (32/48)
 T - a wand of lightning (7/15)
 Y - a wand of lightning (8/15)
Scrolls
 e - 3 scrolls of teleportation
 x - a scroll of blinking
 y - 2 scrolls of recharging
 D - a scroll of immolation
 P - a scroll of remove curse
 W - a scroll of identify
Potions
 f - 5 potions of agility
 h - 5 potions of lignification
 l - 5 potions of flight
 m - 8 potions of curing
 q - 3 potions of heal wounds
 v - a potion of cancellation
 z - 3 potions of might
 B - a potion of brilliance
 C - a potion of mutation
 H - a potion of resistance
 I - 2 potions of berserk rage
 J - a potion of invisibility
Miscellaneous
 V - a phial of floods
 Z - a sack of spiders
Comestibles
 b - 9 bread rations
 c - 9 fruits
 g - 4 meat rations
 k - 7 chunks of flesh
 p - 7 royal jellies


   Skills:
 - Level 10.8 Fighting
 + Level 10.2 Throwing
 - Level 2.4 Dodging
 - Level 14.3 Unarmed Combat


You had 11 spell levels left.
You didn't know any spells.

Dungeon Overview and Level Annotations

Branches:
Dungeon (14/15)            Temple (1/1) D:7            Lair (0/6) D:10
    Orc (0/2) D:11
 Vaults: D:13-14

Altars:
Ashenzari
Cheibriados
Dithmenos
Elyvilon
Fedhas
Gozag
Hepliaklqana
Kikubaaqudgha
Makhleb
Nemelex Xobeh
Okawaru
Qazlal
Ru
Sif Muna
Trog
Uskayaw
Vehumet
Wu Jian
Xom
Yredelemnul
Zin
The Shining One
Beogh

Shops:
D:6 *   D:7 !   D:11 *


Innate Abilities, Weirdness & Mutations

You are too large for most types of armour.
You have claws for hands.
Your metabolism is lightning-fast.
You like to eat raw meat.
Your natural rate of healing is unusually fast.
You are covered in fur. (AC +1)
You have very tough skin. (AC +2)


Message History

You are covered in liquid flames!
You hear a shout!
The fire elemental misses you. The fire elemental hits you.
The fire elemental burns you!
You barely miss the deep elf mage.
The deep elf mage is almost dead.
You are covered in liquid flames!
The fire elemental hits you. The fire elemental burns you!
The deep elf mage hits you but does no damage.
The fire elemental hits you. The fire elemental burns you!
A deep elf mage comes into view. It is wielding a dagger.
You mangle the deep elf mage!!
You kill the deep elf mage!
Trog accepts your kill.
Trog appreciates your killing of a magic user.
The fire elemental disappears in a puff of smoke! x2
You are covered in liquid flames!
The deep elf mage points at you and mumbles some strange words.
The bolt of lightning hits you!
You die...

...........#
#............
....>.....###............
.....................(...
##.....#######..#######
#.....# #..# #.....# #..#
#.....# #..#
########...).# ..#
.........(..@#
...........00#####.#..
...........|0.0.......
.............0e0......
...........))#####.#..
##########...# .. #...# .
#.(.# #...#


You could see a deep elf mage.

Vanquished Creatures
  2 ettins (D:13)
  A minotaur (Lab)
  2 hydras
  Erica (D:8)
  4 two-headed ogres
  A centaur warrior (D:13)
  A death knight (D:11)
  A tengu warrior (D:13)
  An unseen horror (D:10)
  Pikel (D:6)
  A harpy (shapeshifter) (D:13)
  A deep elf mage (D:14)
  An ugly thing (D:13)
  A manticore (D:13)
  4 cyclopes
  A gargoyle (D:12)
  Psyche (D:11)
  A centaur skeleton (D:13)
  The ghost of Duffy the Cudgeler, a novice HuGl (D:6)
  2 kobold demonologists
  2 komodo dragons
  A minotaur zombie (Lab)
  3 trolls
  4 slime creatures (D:11)
  3 hippogriffs
  A redback (shapeshifter) (D:13)
  4 wyverns
  A basilisk (D:13)
  2 wraiths
  4 yaks (D:10)
  2 vampire mosquitoes (D:13)
  A steam dragon (D:9)
  2 hungry ghosts
  Edmund (D:6)
  A soldier ant (D:13)
  2 acid dragons
  2 water moccasins
  The ghost of Charly the Sneak, an amateur VSAs (D:4)
  6 orc warriors
  An ice beast (D:9)
  4 slaves (D:6)
  2 necrophages
  A black bear (D:8)
  An eye of draining (D:13)
  2 sky beasts (D:13)
  2 phantoms
  An ogre (D:9)
  4 centaurs
  8 big kobolds
  A wyvern zombie (D:13)
  8 bullfrogs
  A water moccasin zombie (D:8)
  2 wyvern skeletons
  5 scorpions
  15 killer bees
  6 howler monkeys
  4 wights
  6 crimson imps
  A quasit (D:11)
  A lava snake (D:10)
  10 orc priests
  5 hounds
  2 jellies
  2 bullfrog zombies
  5 bullfrog skeletons
  3 iguanas
  7 orc wizards
  5 worker ants
  2 hound skeletons
  A worker ant zombie (D:11)
  13 gnolls
  2 howler monkey skeletons (D:8)
  5 adders
  A shadow imp (D:5)
  An ooze (D:1)
  An adder zombie (D:8)
  3 adder skeletons
  7 worms
  4 dart slugs
  7 leopard geckos
  35 orcs
  7 giant cockroaches
  11 goblins
  7 hobgoblins
  14 jackals
  2 quokkas
  A ball python (D:3)
  6 bats
  4 frilled lizards (D:2)
  31 kobolds
  3 leopard gecko skeletons
  5 rats
360 creatures vanquished.

Vanquished Creatures (collateral kills)
  A freezing wraith (D:13)
  A hornet (D:10)
  A hungry ghost (D:13)
  An orc warrior (D:13)
  A hound (D:13)
  2 worker ants (D:13)
7 creatures vanquished.

Vanquished Creatures (others)
  A phantom (D:6)
1 creature vanquished.

Grand Total: 368 creatures vanquished

Notes
Turn   | Place    | Note
-------+----------+-------------------------------------------
     0 | D:1      | Duffy the Troll Berserker began the quest for the Orb.
     0 | D:1      | Reached XP level 1. HP: 22/22 MP: 0/0
   107 | D:1      | Reached XP level 2. HP: 29/29 MP: 1/1
   380 | D:1      | Reached skill level 4 in Unarmed Combat
   481 | D:1      | Reached XP level 3. HP: 34/36 MP: 2/2
   660 | D:2      | Reached ** piety under Trog
  1320 | D:2      | Reached XP level 4. HP: 43/44 MP: 3/3
  1363 | D:3      | Found a hazy altar of Hepliaklqana.
  1372 | D:3      | Reached skill level 5 in Unarmed Combat
  1570 | D:3      | Reached XP level 5. HP: 35/50 MP: 4/4
  1645 | D:3      | Reached *** piety under Trog
  1781 | D:3      | Reached skill level 6 in Unarmed Combat
  2102 | D:4      | Noticed a phantom
  2119 | D:4      | Killed a phantom
  2119 | D:4      | Reached skill level 1 in Throwing
  2119 | D:4      | Reached XP level 6. HP: 40/59 MP: 2/5
  2185 | D:4      | Noticed Charly's ghost (amateur VSAs)
  2209 | D:4      | Killed Charly's ghost
  2209 | D:4      | Reached skill level 7 in Unarmed Combat
  2648 | D:4      | Reached XP level 7. HP: 57/66 MP: 3/6
  2660 | D:4      | Reached **** piety under Trog
  2913 | D:5      | Entered Level 5 of the Dungeon
  3048 | D:5      | Reached skill level 8 in Unarmed Combat
  3683 | D:6      | Noticed Edmund
  3693 | D:6      | Killed Edmund
  3693 | D:6      | Reached XP level 8. HP: 57/74 MP: 4/7
  3772 | D:6      | Found Revihe's Assorted Antiques.
  3776 | D:6      | Noticed Duffy's ghost (novice HuGl)
  3786 | D:6      | Killed Duffy's ghost
  3786 | D:6      | Reached skill level 5 in Throwing
  3786 | D:6      | Reached skill level 9 in Unarmed Combat
  3820 | D:6      | Bought a scroll labeled RIODAMA PANEEDD for 27 gold pieces
  3820 | D:6      | Bought a glowing ruby potion for 24 gold pieces
  3948 | D:6      | Noticed Pikel
  3964 | D:6      | Killed Pikel
  3964 | D:6      | Reached XP level 9. HP: 52/80 MP: 5/8
  4672 | D:7      | Reached skill level 10 in Unarmed Combat
  4767 | D:7      | Found Olala's Distillery.
  4772 | D:7      | Bought a potion of heal wounds for 50 gold pieces
  4772 | D:7      | Bought a potion of curing for 30 gold pieces
  4772 | D:7      | Bought a potion of lignification for 30 gold pieces
  4772 | D:7      | Bought a potion of might for 40 gold pieces
  4772 | D:7      | Bought a potion of agility for 40 gold pieces
  4802 | D:7      | Found a staircase to the Ecumenical Temple.
  4820 | D:7      | Reached ***** piety under Trog
  4846 | Temple   | Entered the Ecumenical Temple
  5636 | D:8      | Noticed Erica
  5712 | D:8      | Killed Erica
  5712 | D:8      | Reached skill level 5 in Fighting
  5807 | D:8      | Found a burning altar of Makhleb.
  5874 | D:8      | Noticed a two-headed ogre
  5900 | D:8      | Killed a two-headed ogre
  5900 | D:8      | Reached XP level 10. HP: 102/102 MP: 6/9
  6167 | D:8      | Noticed a two-headed ogre
  6172 | D:8      | Killed a two-headed ogre
  6225 | D:8      | Received a gift from Trog
  7015 | D:9      | Found a shimmering altar of Xom.
  7527 | D:9      | Received a gift from Trog
  7581 | D:10     | Entered Level 10 of the Dungeon
  7621 | D:10     | Reached skill level 11 in Unarmed Combat
  7917 | D:10     | Found a staircase to the Lair.
  7983 | D:10     | Got a sparkling steel ring
  8102 | D:10     | Reached XP level 11. HP: 113/113 MP: 10/10
  8439 | D:10     | Killed an unseen horror
  8439 | D:10     | Reached skill level 12 in Unarmed Combat
  8699 | D:11     | Noticed a four-headed hydra
  8703 | D:11     | Killed a four-headed hydra
  8717 | D:11     | Identified the ring "Satiptim" {*Corrode rElec rC+ AC+4} (You found it on level 10 of the Dungeon)
  8872 | D:10     | Noticed a two-headed ogre
  8880 | D:10     | Killed a two-headed ogre
  8931 | D:10     | Reached skill level 13 in Unarmed Combat
  8982 | D:11     | Found Oreingih's General Store.
  8984 | D:11     | Noticed a death knight
  9023 | D:11     | Killed a death knight
  9070 | D:11     | Bought a +2 hat for 208 gold pieces
  9086 | D:11     | Noticed Psyche
  9134 | D:11     | Killed Psyche
  9356 | D:11     | Received a gift from Trog
  9379 | D:11     | Found a staircase to the Orcish Mines.
  9393 | D:11     | Found a roughly hewn altar of Beogh.
  9574 | D:11     | Reached skill level 14 in Unarmed Combat
  9603 | D:11     | You fall through a shaft for 2 floors!
  9850 | D:13     | Noticed a five-headed hydra
  9873 | D:13     | Killed a five-headed hydra
  9956 | D:13     | Reached XP level 12. HP: 95/123 MP: 2/11
 10373 | D:12     | Found a labyrinth entrance.
 10379 | Lab      | Entered a labyrinth
 10598 | Lab      | Noticed a minotaur
 10605 | Lab      | Killed a minotaur
 10607 | Lab      | Got a shimmering turquoise ring
 10683 | Lab      | Got a slimy long sword
 10690 | D:12     | Identified the ring "Harum Origh" {+Blink MR- EV+1 SInv} (You found it in a labyrinth)
 11428 | D:13     | Noticed a two-headed ogre
 11431 | D:13     | Killed a two-headed ogre
 11625 | D:13     | Reached skill level 10 in Fighting
 11871 | D:13     | Noticed a centaur warrior
 12008 | D:13     | Killed a centaur warrior
 12144 | D:13     | Noticed an ettin
 12270 | D:13     | Killed an ettin
 12275 | D:13     | Received a gift from Trog
 12387 | D:13     | Noticed an ettin
 12428 | D:13     | Killed an ettin
 12744 | D:13     | Noticed a tengu warrior
 12759 | D:13     | Killed a tengu warrior
 12863 | D:14     | Reached skill level 10 in Throwing
 12896 | D:14     | Killed from afar by a deep elf mage

Vault maps used:
D:1:      lemuel_arrival_room, minmay_misc_feat_columns
D:2:      first_bread
D:3:      lemuel_round_altar
D:4:      cheibrodos_pilgrimage
D:5:      grunt_ministairs_9
D:6:      serial_shops, nicolae_shop_overgrown_old_shop, uniq_pikel, uniq_edmund
D:7:      minmay_temple_entry_junction_2, serial_shops, shop
D:8:      basic_altar, uniq_erica
D:9:      basic_altar
D:10:     lair_entry_dummy, kennysheep_dice
D:11:     minmay_orc_entry_temple_small, serial_shops, nicolae_shop_trees,
          uniq_psyche
D:12:     lab_entry_generic
D:13:     evilmike_diamond_1
D:14:     nooodl_glass_maze, hangedman_vaults_entry_quadrant_bands,
          minmay_misc_feat_secret_circle, hangedman_little_slice_of_home
Temple:   nicolae_temple_the_god_donut
Lab:      labyrinth_hidden_loot, nicolae_lab_hexagon

Skill      XL: |  1  2  3  4  5  6  7  8  9 10 11 12 |
---------------+-------------------------------------+-----
Unarmed Combat | 4 5 6 7 8 9 10 11 14 | 14.3
Throwing       | 1 2 4 6 7 10 | 10.2
Fighting       | 7 8 9 10 | 10.8
Dodging        | |  2.4

Action                   |  1- 3 |  4- 6 |  7- 9 | 10-12 || total
-------------------------+-------+-------+-------+-------++-------
Melee: Unarmed           |    92 |   151 |   217 |   574 ||  1034
       Punch             |     2 |     2 |     9 |    43 ||    56
Throw: Tomahawk          |       |       |     3 |    10 ||    13
       Large rock        |       |       |       |    30 ||    30
Invok: Burn Spellbooks   |       |     1 |       |     3 ||     4
       Berserk           |       |       |     2 |    12 ||    14
       Brothers in Arms  |       |       |       |     5 ||     5
       Trog's Hand       |       |       |       |     7 ||     7
Evoke: Wand              |       |       |       |     2 ||     2
  Use: Scroll            |       |       |     9 |    15 ||    24
       Potion            |       |       |       |     2 ||     2
 Stab: Sleeping          |     1 |       |       |       ||     1
       Distracted        |       |       |     1 |       ||     1
  Eat: Chunk             |    18 |    12 |    27 |    90 ||   147
Armor: Animal skin       |    32 |    41 |    29 |       ||   102
       Robe              |       |       |    28 |   192 ||   220
       Acid dragon scale |       |       |       |    51 ||    51
       Skin              |       |       |       |     1 ||     1
Dodge: Dodged            |    29 |    82 |   106 |   252 ||   469
